 Dungeon Crawl Stone Soup version 0.28.0-53-g5a82cb258f (webtiles) character file.

Game seed: 17412678805764478570

66 nickcage the Cudgeller (level 4, -6/35 HPs)
             Began as a Formicid Abyssal Knight on May 24, 2022.
             Was a Believer of Lugonu.
             Mangled by a gnoll
             ... wielding a +0 whip
              (7 damage)
             ... on level 2 of the Dungeon.
             The game lasted 00:04:07 (2376 turns).

nickcage the Cudgeller (Formicid Abyssal Knight)    Turns: 2376, Time: 00:04:07

Health: -6/35      AC:  3    Str: 20    XL:     4   Next: 37%
Magic:  5/5        EV: 11    Int:  9    God:    Lugonu [**....]
Gold:   149        SH:  0    Dex: 11    Spells: 3/3 levels left

rFire   . . .      SeeInvis +   a - +1 mace
rCold   . . .      Faith    .   (no shield)
rNeg    . . .      Spirit   .   b - +0 leather armour
rPois   .          Reflect  .   (helmet unavailable)
rElec   .          Harm     .   (no cloak)
rCorr   .          Rampage  .   (no gloves)
Will    .....                   (no boots)
Stlth   +.........              (no amulet)
HPRegen 0.11/turn               (no ring)
MPRegen 0.09/turn               (no ring)

@: no status effects
A: permanent stasis, dig shafts and tunnels, antennae 3, four strong arms
a: Dig, Shaft Self, Renounce Religion, Depart the Abyss, Bend Space


You were on level 2 of the Dungeon.
You worshipped Lugonu.
Lugonu was pleased with you.
You visited 1 branch of the dungeon, and saw 3 of its levels.
You visited the Abyss 1 time.

You collected 149 gold pieces.

Inventory:

Hand Weapons
 a - a +1 mace (weapon)
Missiles
 l - 4 boomerangs (quivered)
Armour
 b - a +0 leather armour (worn)
Scrolls
 c - a scroll of identify {unknown}
 d - 2 scrolls of enchant armour {unknown}
 f - 2 scrolls of enchant weapon {unknown}
 g - 3 scrolls of silence {unknown}
 i - a scroll of acquirement {unknown}
 j - 3 scrolls of blinking {unknown}
 k - a scroll of fog {unknown}
 m - a scroll of teleportation {unknown}
Potions
 e - 3 potions of heal wounds {unknown}
 h - a potion of magic {unknown}
 n - a potion of mutation {unknown}
 o - 2 potions of haste {unknown}


   Skills:
 - Level 3.2 Fighting
 + Level 4.3 Maces & Flails
 - Level 0.1 Throwing
 - Level 2.1 Armour
 - Level 0.8 Dodging
 - Level 2.1 Invocations


You had 3 spell levels left.
You didn't know any spells.
Your spell library contained the following spells:

 Spells                   Type           Power      Damage    Failure   Level
 Shock                    Conj/Air       0%         1d3       43%         1
 Airstrike                Air            0%         N/A       99%         4
 Swiftness                Air            Unusable   N/A       N/A         3

Dungeon Overview and Level Annotations

Branches:
Dungeon (3/15)

Altars:

Shops:
D:2 :


Innate Abilities, Weirdness & Mutations

You cannot be hasted, slowed, berserked, paralysed or teleported.
You can dig through walls and to a lower floor.
You have a pair of large antennae on your head. (SInv)
Your four strong arms can wield two-handed weapons with a shield.


Message History

No target in view!
No target in view!
You sense a monster nearby.
An endoplasm comes into view.
The endoplasm quivers.
You hit the endoplasm.
You kill the endoplasm!
Lugonu accepts your kill.
You can now bend space around yourself.
No target in view!
d - 2 scrolls labelled LOFIOG RITEBAD (gained 1)
j - 3 scrolls labelled TARCHU KICERPHU (gained 1)
Things that are here:
4 stones; a +0 whip You see here a ball python skeleton.
There is a stone staircase leading up here.
You sense a monster nearby.
No target in view!
No target in view! 3 gnolls come into view.
The gnoll shouts! x3
A gnoll comes into view. It is wielding a +0 whip.
The gnoll moves out of view.
Found 9 gold pieces.
Found a stone staircase leading up.
The gnoll shouts!
The gnoll hits you from afar with a +0 spear.
The gnoll hits you with a +0 spear!
The gnoll hits you from afar with a +0 halberd!
You see here 9 gold pieces.
The gnoll closely misses you. The gnoll barely misses you.
The gnoll hits you with a +0 whip.
* * * LOW HITPOINT WARNING * * *
There is a stone staircase leading up here.
The gnoll hits you with a +0 whip!
* * * LOW HITPOINT WARNING * * *
You climb upwards.
There is a stone staircase leading down here.
You sock the gnoll!
The gnoll is severely wounded.
The gnoll barely misses you. The gnoll hits you with a +0 whip!
You die...

##### #......# ###..### ######..#
#####...##..### #####
..<...#.......# #..<.
#.#.#.......#.# #.###
.###.##.##.##.###############.###
## ##...........g...............#
.###.##.###...##@############.#.#
#.#.###.###...##.# #.#.# #...#
#.......##.# #....
#...#######.#.##.# ###.#
#...##........##.# ####### #...
#...##.####......# #.....# #..#
.(.........#..######.....# #.##
...........#..# #........# ##<#
..............# #.##.....# #..#


You could see a gnoll.

Vanquished Creatures
  2 adders (D:2)
  A dart slug (D:3)
  5 endoplasms
  5 giant cockroaches
  4 goblins
  2 hobgoblins (D:3)
  A quokka (D:1)
  5 ball pythons
  6 bats
  4 frilled lizards
  6 kobolds
  4 rats
45 creatures vanquished.

Notes
Turn   | Place    | Note
-------+----------+-------------------------------------------
     0 | Abyss:1  | nickcage the Formicid Abyssal Knight began the quest for
                  | the Orb.
     0 | Abyss:1  | Reached XP level 1. HP: 18/18 MP: 2/2
     0 | D:1      | Escaped the Abyss
   160 | D:1      | Reached * piety under Lugonu
   184 | D:1      | Reached XP level 2. HP: 24/24 MP: 3/3
   355 | D:1      | Found a faded altar of an unknown god.
   724 | D:1      | Reached skill level 3 in Maces & Flails
  1030 | D:2      | Reached XP level 3. HP: 13/29 MP: 4/4
  1621 | D:2      | Reached skill level 4 in Maces & Flails
  1621 | D:2      | Reached XP level 4. HP: 32/35 MP: 5/5
  1761 | D:2      | Found Bavotiso's Book Boutique.
  2262 | D:3      | Reached ** piety under Lugonu
  2374 | D:3      | HP: 1/35 [gnoll/+0 whip (8)]
  2376 | D:2      | Mangled by a gnoll

Illustrated notes

Levels and vault maps discovered:
D:1:      heliophobic_arrival_henge, layout_loops_cross,
          nicolae_ecumenical_lake_church
D:2:      layout_loops_cross, serial_shops, shop
D:3:      layout_loops_ring

Skill      XL: |  1  2  3 |
---------------+----------+-----
Maces & Flails | 3 4 |  4.3
Fighting       | |  3.2
Throwing       | |  0.1
Armour         | |  2.1
Dodging        | |  0.8
Invocations    | |  2.1

Action                   |  1- 3 |  4- 6 || total
-------------------------+-------+-------++-------
Melee: Mace              |    75 |    22 ||    97
Throw: Boomerang         |       |    16 ||    16
Invok: Depart the Abyss  |     1 |       ||     1
Armor: Leather armour    |    26 |     2 ||    28
Dodge: Dodged            |    53 |     9 ||    62
